AoeStats
← 快乐猫哥

Arena

510467274Analyzed
1v1 RM · 2d ago on Oct 1, 2026· 49m 10s· 2 players
Game mode
Random Map
Map size
Tiny (2 player)
Population
200
Speed
Normal
Resources
Standard
Victory
Conquest
Starting age
Dark Age
Ending age
Imperial Age
RankedLock teamsTeams togetherTeam positionsShared explorationLock speedFull tech treeHidden civsTurbo modeCheats
Victory
Defeat
🇲🇽 Sicilians · Mexico
386
+20
🇭🇰 Teutons · Hong Kong SAR China
481
-20
Rosco_Bosco
11:01 Feudal Age
11:21 Loom
11:38 Horse Collar
11:46 Double-Bit Axe
18:53 Gold Mining
21:42 Castle Age
20:27 Forging
20:19 Scale Mail Armor
20:18 Stone Mining
20:51 Arson
22:32 Town Watch
23:23 Wheelbarrow
23:04 Elite Skirmisher
24:14 Bow Saw
24:06 Heavy Plow
25:09 Fletching
28:44 Chain Mail Armor
29:05 Iron Casting
28:28 Bodkin Arrow
28:57 Ballistics
28:33 Murder Holes
28:50 Masonry
29:23 Fervor
35:24 Imperial Age
32:59 Crossbowman
36:43 Padded Archer Armor
37:30 Gold Shaft Mining
38:14 Chemistry
44:31 Bracer
44:49 Leather Archer Armor
45:06 Cranequins
45:30 Arbalester
46:31 Siege Engineers
46:14 Arrowslits
46:37 Husbandry
46:49 Bloodlines
49:28 Blast Furnace
48:35 Scale Barding Armor
49:40 Hoardings
快乐猫哥
11:41 Feudal Age
17:56 Castle Age
30:35 Imperial Age
29:41 Wheelbarrow
32:29 Hand Cart
34:08 Scale Barding Armor
34:03 Scale Mail Armor
34:14 Forging
37:10 Chain Barding Armor
37:06 Chain Mail Armor
37:26 Iron Casting
36:15 Cavalier
39:43 Crenellations
40:47 Elite Teutonic Knight
42:15 Plate Barding Armor
42:10 Plate Mail Armor
42:40 Blast Furnace
44:10 Stone Mining
46:53 Onager
Connection lost

Rejoining the realm…

Still unreachable

The connection could not be restored.

Session expired

The server has moved on; the page needs a fresh start.